 Dungeon Crawl Stone Soup version 0.21.1-1-g345015fe64 (webtiles) character file.

23 Naru the Ogre Mage (level 3, -4/33 HPs)
             Began as an Ogre Wizard on June 14, 2018.
             Slain by Sigmund
             ... wielding a cursed -3 scythe
              (5 damage)
             ... on level 2 of the Dungeon.
             The game lasted 00:02:24 (940 turns).

Naru the Ogre Mage (Ogre Wizard)                     Turns: 940, Time: 00:02:24

Health: -4/33      AC:  3    Str: 11    XL:     3   Next: 0%
Magic:  8/8        EV: 10    Int: 19    God:
Gold:   85         SH:  0    Dex:  8    Spells: 9/10 levels left

rFire    . . .     SeeInvis .   h - +0 dagger
rCold    . . .     Gourm    .   (no shield)
rNeg     . . .     Faith    .   a - +0 robe
rPois    .         Spirit   .   b - +0 hat
rElec    .         Reflect  .   (no cloak)
rCorr    .         Harm     .   (gloves unavailable)
MR       .....                  (boots unavailable)
Stlth    +.........             (no amulet)
HPRegen  0.11/turn              (no ring)
MPRegen  0.11/turn              (no ring)

@: no status effects
A: large, unfitting armour, tough skin 1
a: no special abilities


You were on level 2 of the Dungeon.
You were not hungry.

You visited 1 branch of the dungeon, and saw 2 of its levels.

You collected 85 gold pieces.

Inventory:

Hand Weapons
 h - a +0 dagger (weapon)
Missiles
 j - 24 bolts
 l - 8 arrows
Armour
 a - a +0 robe (worn)
 b - a +0 hat (worn)
Scrolls
 f - 4 scrolls of teleportation {unknown}
 g - a scroll of magic mapping {unknown}
 k - a scroll of enchant weapon {unknown}
 m - a scroll of identify {unknown}
Potions
 e - a potion of ambrosia {unknown}
 i - a potion of curing {unknown}
Books
 c - a book of Minor Magic

   Spells                             Type                      Level
   a - Magic Dart                     Conjuration                  1
   b - Blink                          Translocation                2
   c - Call Imp                       Summoning                    2
   d - Slow                           Hexes                        2
   e - Conjure Flame                  Conjuration/Fire             3
   f - Mephitic Cloud                 Conjuration/Poison/Air       3
Comestibles
 d - 2 rations


   Skills:
 * Level 1.1 Fighting
 + Level 1.8 Dodging
 - Level 1.4 Stealth
 * Level 4.3 Spellcasting
 * Level 1.2 Conjurations
   Level 0.8 Summonings
   Level 0.8 Translocations


You had 9 spell levels left.
You knew the following spells:

 Your Spells              Type           Power        Failure   Level  Hunger
a - Magic Dart            Conj           #...         8%          1    None


Dungeon Overview and Level Annotations

Branches:
Dungeon (2/15)

Altars:

Annotations:
D:2 Sigmund


Innate Abilities, Weirdness & Mutations

You are too large for most types of armour.
You have tough skin. (AC +1)


Message History

The jackal moves out of view.
Sigmund closely misses you. The adder bites you. The worm misses you.
You barely miss the worm.
The worm is moderately wounded.
The adder bites you. Sigmund completely misses you.
You barely miss the worm.
The worm is moderately wounded.
The adder closely misses you. The worm bites you!
You hit the worm.
The worm is moderately wounded.
The adder bites you.
* * * LOW HITPOINT WARNING * * *
Sigmund closely misses you. The adder closely misses you. The worm bites you.
* * * LOW HITPOINT WARNING * * *
You hit the worm.
The worm is heavily wounded.
The adder bites you.
* * * LOW HITPOINT WARNING * * *
Sigmund hits you from afar with a scythe.
You die...

.# #.#
...# ###
...
..#..#
#.#..###.
#S.@.....
#@#
#......w#
#...#####
##


You could see Sigmund, a worm and an adder.

Vanquished Creatures
  4 bats (D:1)
  5 giant cockroaches (D:1)
  2 goblins (D:1)
  A hobgoblin (D:1)
  4 kobolds (D:1)
  A frilled lizard (D:1)
  2 rats (D:1)
19 creatures vanquished.

Notes
Turn   | Place    | Note
-------+----------+-------------------------------------------
     0 | D:1      | Naru the Ogre Wizard began the quest for the Orb.
     0 | D:1      | Reached XP level 1. HP: 16/16 MP: 5/5
    70 | D:1      | Reached skill level 1 in Conjurations
    89 | D:1      | Reached skill level 4 in Spellcasting
    89 | D:1      | Reached XP level 2. HP: 22/26 MP: 5/7
   630 | D:1      | Reached skill level 1 in Fighting
   787 | D:1      | Reached XP level 3. HP: 33/33 MP: 6/8
   929 | D:2      | Noticed Sigmund
   940 | D:2      | HP: 1/33 [adder (1)]
   940 | D:2      | Slain by Sigmund

Skill      XL: |  1  2 |
---------------+-------+-----
Conjurations   | 1 |  1.2
Spellcasting   | 4 |  4.3
Fighting       | 1 |  1.1
Dodging        | |  1.8
Stealth        | |  1.4
Summonings     | |  0.8
Translocations | |  0.8

Action                   || total
-------------------------++-------
Melee: Club              ||    12
       Dagger            ||    17
 Cast: Magic Dart        ||    43
Armor: Robe              ||    15
Dodge: Dodged            ||    26
